 Dungeon Crawl Stone Soup version 0.27-a0-1273-gec92ba881d (webtiles) character file.

Game seed: 17030394847943228447

5807 avis the Reanimator (level 10, -7/68 (75) HPs)
             Began as a Deep Dwarf Necromancer on June 11, 2021.
             Was a Believer of Makhleb.
             Splashed by an acid dragon's acid (11 damage)
             ... on level 9 of the Dungeon on June 12, 2021.
             The game lasted 01:07:12 (12176 turns).

avis the Reanimator (Deep Dwarf Necromancer)       Turns: 12176, Time: 01:07:13

HP:   -7/68 (75)    AC:  9    Str: 11    XL:     10   Next: 50%
MP:   15/15         EV: 10    Int: 20    God:    Makhleb [**....]
Gold: 79            SH:  5    Dex: 13    Spells: 11/15 levels left

rFire    . . .     SeeInvis .   a - +4 long sword (vamp)
rCold    . . .     Faith    .   E - +0 buckler
rNeg     + . .     Spirit   .   s - +0 ring mail
rPois    .         Reflect  .   o - +0 helmet
rElec    .         Harm     .   i - +1 cloak
rCorr    .         Rampage  .   q - +0 pair of gloves
Will     +....                  (no boots)
Stlth    ++........             (no amulet)
HPRegen  0.00/turn              K - ring of positive energy
MPRegen  0.14/turn              (no ring)

@: drained
A: damage resistance, heal wounds, sense surroundings 2, no regeneration
a: Heal Wounds, Renounce Religion, Minor Destruction


You were on level 9 of the Dungeon.
You worshipped Makhleb.
Makhleb was pleased with you.
You visited 2 branches of the dungeon, and saw 10 of its levels.

You collected 393 gold pieces.
You spent 314 gold pieces at shops.

Inventory:

Hand Weapons
 a - a +4 vampiric long sword (weapon)
 b - a +0 falchion of electrocution
 p - a +3 flail
 w - a +1 flail of holy wrath
 C - a +1 dagger of distortion
 M - a +0 long sword
Missiles
 c - 90 stones
 k - 6 boomerangs
 n - 82 arrows
Armour
 g - a +0 leather armour of cold resistance
 i - a +1 cloak (worn)
 o - a +0 helmet (worn)
 q - a +0 pair of gloves (worn)
 s - a +0 ring mail (worn)
 D - a +2 robe of willpower
 E - a +0 buckler (worn)
Magical Staves
 j - a staff of cold
Jewellery
 t - a +4 ring of evasion
 H - an amulet of guardian spirit
 K - a ring of positive energy (left hand)
Wands
 l - a wand of iceblast (10)
 L - a wand of charming (5)
Scrolls
 e - 4 scrolls of teleportation
 r - a scroll of magic mapping
 u - 2 scrolls of noise
 v - a scroll of amnesia
 y - a scroll of fear
 A - 2 scrolls of fog
 B - a scroll of identify
Potions
 d - a potion of heal wounds {unknown}
 f - a potion of attraction {unknown}
 h - 3 potions of lignification {unknown}
 m - a potion of flight {unknown}
 x - a potion of ambrosia {unknown}
 z - a potion of might {unknown}
 F - 2 potions of haste {unknown}
 G - a potion of magic {unknown}
 I - 2 potions of mutation {unknown}
 J - 2 potions of resistance
 O - 3 potions of curing


   Skills:
 * Level 9.7 Long Blades
 - Level 3.0 Maces & Flails
 - Level 2.1 Dodging
 - Level 3.0 Stealth
 - Level 4.0 Shields
 - Level 3.0 Spellcasting
 + Level 10.9 Necromancy
 + Level 7.7 Invocations


You had 11 spell levels left.
You knew the following spells:

 Your Spells              Type           Power      Damage    Failure   Level
a - Pain                  Necr           100%       1d9       1%          1
d - Vampiric Draining     Necr           23%        2d9       1%          3

Your spell library contained the following spells:

 Spells                   Type           Power      Damage    Failure   Level
 Animate Skeleton         Necr           92%        N/A       1%          1
 Animate Dead             Necr           23%        N/A       3%          4
 Agony                    Necr           46%        N/A       11%         5
 Freeze                   Ice            12%        1d4       34%         1
 Magic Dart               Conj           12%        1d3       34%         1
 Blink                    Tloc           N/A        N/A       45%         2
 Call Imp                 Summ           3%         N/A       45%         2
 Searing Ray              Conj           6%         3d3       45%         2
 Slow                     Hex            3%         N/A       45%         2
 Conjure Flame            Conj/Fire      3%         6-21      71%         3
 Dazzling Flash           Conj/Hex       6%         N/A       71%         3
 Frozen Ramparts          Ice            6%         1d2       71%         3
 Mephitic Cloud           Conj/Pois/Air  3%         N/A       71%         3
 Ozocubu's Armour         Ice            3%         N/A       71%         3
 Fulminant Prism          Conj/Hex       1%         3d6       98%         4
 Hailstorm                Conj/Ice       3%         3d3       98%         4
 Iskenderun's Mystic Bla  Conj/Tloc      3%         2d3       98%         4
 Metabolic Englaciation   Hex/Ice        1%         N/A       100%        5


Dungeon Overview and Level Annotations

Branches:
Dungeon (9/15)             Temple (1/1) D:5            Lair (0/6) D:8
    Orc: D:9-12

Altars:
Cheibriados
Dithmenos
Fedhas
Gozag
Kikubaaqudgha
Makhleb
Ru
Uskayaw
Vehumet
Wu Jian
Yredelemnul
Zin
The Shining One
Lugonu

Shops:
D:1 (   D:5 *[(:   D:8 *

Annotations:
D:7 Unseen lake


Innate Abilities, Weirdness & Mutations

You are resistant to damage.
You can heal yourself by infusing magical energy.
You passively map the area around you.
You do not regenerate.


Message History

Things that are here:
a +0 halberd; a +0 robe
Items here: )) [[.
Okay, then.
Your +0 falchion of electrocution stops crackling.
You feel a sense of dread.
a - a +4 vampiric long sword (weapon)
Found a stone staircase leading down.
There is a stone staircase leading down here.
There is a stone staircase leading down here.
Done exploring.
Search for what [Enter for "."]? .
You see here a potion of degeneration.
You see here a +0 shortbow.
You see here a +0 long sword.
Search for what [Enter for "."]? .
M - a +0 long sword Search for what [Enter for "."]? .
There is a stone staircase leading down here.
You climb downwards.
Found an escape hatch in the ceiling.
Found a stone staircase leading down.
There is a stone staircase leading up here.
You climb upwards.
There is a stone staircase leading down here.
There is a stone staircase leading down here.
You climb downwards.
An acid dragon comes into view.
Found a blackened garnet ring and a scroll of amnesia.
There is a stone staircase leading up here.
The acid dragon roars!
The acid dragon spits acid at you. The splash of acid hits you!
* * * LOW HITPOINT WARNING * * *
You are splashed with acid!
* * * LOW HITPOINT WARNING * * *
The acid dragon spits acid at you. The splash of acid hits you!
* * * LOW HITPOINT WARNING * * *
You are splashed with acid!
You die...

* * * ,*
####### ,, ,
#####..=...., ,
, ##.......#* *
####....<...# ,
, #...........#
* * *
###...........#
, *
.....D.@......#
*
###...#.......#
,*
###,#....?..#*
* , *
##........* * *
, , #####.##..
* , , ,..... ,
, , * , ** .. ,
, *, * , ****
,, * , *


You could see an acid dragon (catching breath).

Vanquished Creatures
  A komodo dragon (D:8)
  Psyche (D:8)
  Prince Ribbit (D:5)
  5 yaks (D:7)
  2 wyverns (D:8)
  Eustachio (D:5)
  A basilisk (D:8)
  A steam dragon (D:7)
  Menkaure (D:5)
  An acid dragon (D:8)
  2 water moccasins
  2 orc warriors (D:7)
  A sky beast (D:7)
  A hornet zombie (D:5)
  3 ice beasts
  2 black bears
  A necrophage (D:5)
  An ogre (D:7)
  3 centaurs
  2 phantoms (D:6)
  A gnoll sergeant (D:7)
  2 bullfrogs (D:7)
  7 scorpions
  A water moccasin zombie (D:6)
  A water moccasin skeleton (D:5)
  5 wights (D:8)
  A howler monkey (D:5)
  A jelly (D:7)
  A bullfrog zombie (D:7)
  2 centaur zombies
  4 orc priests
  Crazy Yiuf (D:3)
  2 gnoll shamans
  3 iguanas
  6 orc wizards
  2 killer bee zombies (D:6)
  A hound zombie (D:5)
  2 howler monkey zombies (D:5)
  15 gnolls
  6 adders
  3 white imps
  An ufetubus (D:6)
  2 worms
  3 dart slugs
  20 orcs
  8 bats
  16 endoplasms
  8 giant cockroaches
  11 goblins
  9 hobgoblins
  4 jackals
  5 quokkas
  9 ball pythons
  3 frilled lizards
  7 kobolds
  3 rats
209 creatures vanquished.

Notes
Turn   | Place    | Note
-------+----------+-------------------------------------------
     0 | D:1      | avis the Deep Dwarf Necromancer began the quest for the
                  | Orb.
     0 | D:1      | Reached XP level 1. HP: 15/15 MP: 3/3
   167 | D:1      | Found Gezxahir's Weapon Shoppe.
   246 | D:1      | Reached XP level 2. HP: 4/22 MP: 0/4
   651 | D:1      | Reached skill level 5 in Necromancy
   867 | D:1      | Reached XP level 3. HP: 5/28 MP: 2/5
   911 | D:1      | Learned a level 3 spell: Vampiric Draining
  1576 | D:1      | Reached XP level 4. HP: 12/36 MP: 0/7
  1881 | D:2      | Found a glowing silver altar of Zin.
  2520 | D:2      | Reached skill level 1 in Maces & Flails
  3138 | D:3      | Found a blossoming altar of Fedhas.
  3294 | D:3      | Reached skill level 6 in Necromancy
  3481 | D:3      | Reached XP level 5. HP: 41/42 MP: 8/8
  3900 | D:3      | Found a runed translucent door.
  3901 | D:3      | Noticed Crazy Yiuf
  3908 | D:3      | Killed Crazy Yiuf
  4852 | D:3      | Reached XP level 6. HP: 45/49 MP: 3/10
  5121 | D:4      | Reached skill level 1 in Shields
  5401 | D:5      | Entered Level 5 of the Dungeon
  5401 | D:5      | Noticed an ice beast
  5409 | D:5      | Killed an ice beast
  5410 | D:5      | Reached skill level 7 in Necromancy
  5465 | D:5      | Reached XP level 7. HP: 45/55 MP: 11/11
  5468 | D:5      | Found Qaurim's Weapon Boutique.
  5574 | D:5      | Reached skill level 1 in Long Blades
  6077 | D:5      | Reached skill level 8 in Necromancy
  6240 | D:5      | Found Bavae's Assorted Antiques.
  6250 | D:5      | Noticed Menkaure
  6274 | D:5      | Killed Menkaure
  6275 | D:5      | Reached XP level 8. HP: 24/62 MP: 12/12
  6503 | D:5      | Found Muereg's Antique Armour Shop.
  6662 | D:5      | Found a staircase to the Ecumenical Temple.
  6684 | D:5      | Noticed Prince Ribbit
  6716 | D:5      | Killed Prince Ribbit
  6840 | D:5      | Found Dikimnea's Book Emporium.
  6946 | Temple   | Entered the Ecumenical Temple
  6992 | Temple   | Became a worshipper of Makhleb the Destroyer
  7105 | D:5      | Reached skill level 9 in Necromancy
  7366 | D:6      | Reached skill level 1 in Invocations
  7434 | D:5      | Reached skill level 5 in Long Blades
  7503 | D:6      | Noticed Eustachio
  8164 | D:6      | Gained mutation: You passively map the area around you.
                  | [Deep Dwarf growth]
  8164 | D:6      | Reached XP level 9. HP: 50/68 MP: 3/13
  8269 | D:5      | Killed Eustachio
  8750 | D:6      | Found a radiant altar of Vehumet.
  8750 | D:6      | Found a glowing golden altar of the Shining One.
  8930 | D:5      | Bought a +1 vampiric long sword for 262 gold pieces
  9249 | D:7      | Reached * piety under Makhleb
  9250 | D:7      | Reached skill level 5 in Invocations
  9265 | D:7      | Reached skill level 10 in Necromancy
 10684 | D:7      | Reached XP level 10. HP: 61/75 MP: 7/14
 11081 | D:8      | Found Bips's General Store.
 11090 | D:8      | Bought a scroll of fear for 52 gold pieces
 11214 | D:8      | Noticed Psyche
 11222 | D:8      | Killed Psyche
 11391 | D:8      | Reached ** piety under Makhleb
 11539 | D:8      | Found a staircase to the Lair.
 12176 | D:9      | Splashed by an acid dragon's acid

Illustrated notes

Levels and vault maps discovered:
D:1:      wheals_arrival_shading, layout_loops_ring, serial_shops, shop
D:2:      layout_loops_ring, basic_altar
D:3:      layout_basic, fedhas_altar_1, minmay_pentangle,
          uniq_crazy_yiuf_cottage
D:4:      layout_rooms
D:5:      layout_basic, minmay_temple_entry_proselytizer, serial_shops, shop,
          shop_fountains, nicolae_shop_overgrown_old_shop,
          nicolae_shop_waterfront, uniq_prince_ribbit1, uniq_menkaure
D:6:      layout_cave_pools, jmf_multi_god_temple, uniq_eustachio
D:7:      layout_rooms, kennysheep_opposing_triangles
D:8:      layout_loops_ring, erik_lair_dragon, serial_shops, shop, uniq_psyche
D:9:      minmay_spotlight, layout_rooms, gammafunk_temple_overflow_claw,
          minitemple, orc_0_dummy, ebering_ghost_xom, grunt_ministairs_9
Temple:   corrupted_temple

Skill      XL: |  1  2  3  4  5  6  7  8  9 10 |
---------------+-------------------------------+-----
Stealth        | 3 |  3.0
Necromancy     | 5 6 7 8 9 10 | 10.9
Spellcasting   | 2 3 |  3.0
Maces & Flails | 1 2 3 |  3.0
Shields        | 2 4 |  4.0
Long Blades    | 3 5 8 9 |  9.7
Invocations    | 3 6 7 |  7.7
Dodging        | |  2.1

Action                   |  1- 3 |  4- 6 |  7- 9 | 10-12 || total
-------------------------+-------+-------+-------+-------++-------
Melee: Spear             |    11 |       |       |       ||    11
       Unarmed           |     6 |       |       |       ||     6
       Flail             |       |    67 |   101 |       ||   168
       Quarterstaff      |       |    12 |       |       ||    12
       Falchion          |       |       |    28 |    39 ||    67
       Long sword        |       |       |   118 |    58 ||   176
 Fire: Hunting sling     |       |    21 |       |       ||    21
 Cast: Pain              |    38 |    23 |    13 |       ||    74
       Vampiric Draining |    12 |    48 |    95 |    17 ||   172
 Abil: Heal Wounds       |       |       |       |     1 ||     1
  Use: Scroll            |       |       |    16 |     1 ||    17
 Stab: Distracted        |       |       |     1 |       ||     1
Armor: Robe              |     6 |     1 |       |       ||     7
       Ring mail         |       |    29 |   110 |    33 ||   172
Dodge: Dodged            |    28 |    65 |   152 |    51 ||   296
Block: Buckler           |       |       |    71 |    21 ||    92
       Rpst.: Falchion   |       |       |     4 |     4 ||     8
       Long sword        |       |       |    25 |    12 ||    37

Table legend: (Time is in decaauts)
 A = Elapsed time spent in this place.
 B = Non-inter-level travel time spent in this place.
 C = Inter-level travel time spent in this place.
 D = Time resting spent in this place.
 E = Time spent auto-exploring this place.
 F = Levels seen in this place.
 G = Mean time per level.
                   A        B        C        D        E       F      G
               +--------+--------+--------+--------+--------+-----+--------+
         Total |  12245 |  11460 |    785 |   4799 |   3871 |  10 | 1224.5 |
       Dungeon |  12098 |  11343 |    755 |   4799 |   3789 |   9 | 1344.2 |
        Temple |    146 |    116 |     30 |      0 |     82 |   1 |  146.0 |
               +--------+--------+--------+--------+--------+-----+--------+

Top non-repeatable levels by time:
     D:5: 2508 daAuts
     D:7: 1586 daAuts
     D:1: 1581 daAuts
     D:3: 1393 daAuts
     D:8: 1282 daAuts
     D:6: 1253 daAuts
     D:4: 1248 daAuts
     D:2: 1240 daAuts
  Temple: 146 daAuts
     D:9: 5 daAuts
